 Dungeon Crawl Stone Soup version 0.20-a0-1117-g62da73f (webtiles) character file.

72 Monsterracer the Firebug (level 4, -1/24 HPs)
             Began as a Deep Elf Fire Elementalist on May 9, 2017.
             Slain by a goblin
             ... wielding a +0 dagger
             ... led by Robin
              (2 damage)
             ... on level 2 of the Dungeon.
             The game lasted 00:04:56 (1969 turns).

Monsterracer the Firebug (DEFE)                     Turns: 1969, Time: 00:04:57

Health: -1/24      AC:  2    Str:  5    XL:     4   Next: 6%
Magic:  6/11       EV: 13    Int: 21    God:
Gold:   77         SH:  0    Dex: 15    Spells: 6/10 levels left

rFire    . . .     SeeInvis .   d - +0 dagger
rCold    . . .     Gourm    .   (no shield)
rNeg     . . .     Faith    .   a - +0 robe
rPois    .         Spirit   .   (no helmet)
rElec    .         Reflect  .   (no cloak)
rCorr    .         Harm     .   (no gloves)
MR       .....                  (no boots)
Stlth    ++........             e - amulet of inaccuracy (curse)
Regen    0.1/turn               (no ring)
MPRegen  0.2/turn               (no ring)

@: very slightly contaminated
A: no striking features
a: no special abilities


You were on level 2 of the Dungeon.
You were not hungry.

You visited 1 branch of the dungeon, and saw 2 of its levels.

You collected 77 gold pieces.

Inventory:

Hand Weapons
 d - a +0 dagger (weapon)
Armour
 a - a +0 robe (worn)
Jewellery
 e - a cursed amulet of inaccuracy (around neck)
Books
 b - a book of Flames

   Spells                             Type                      Level
   a - Flame Tongue                   Conjuration/Fire             1
   b - Throw Flame                    Conjuration/Fire             2
   c - Conjure Flame                  Conjuration/Fire             3
   d - Inner Flame                    Hexes/Fire                   3
   e - Sticky Flame                   Conjuration/Fire             4
   f - Fireball                       Conjuration/Fire             5
Comestibles
 c - 2 bread rations
 f - 4 fruits


   Skills:
 - Level 2.4 Dodging
 - Level 2.4 Stealth
 + Level 3.6 Spellcasting
 * Level 2.8 Conjurations
 * Level 4.3 Fire Magic


You had 6 spell levels left.
You knew the following spells:

 Your Spells              Type           Power        Failure   Level  Hunger
a - Flame Tongue          Conj/Fire      ###..        2%          1    None
b - Conjure Flame         Conj/Fire      ###.....     9%          3    ###....


Dungeon Overview and Level Annotations

Branches:
Dungeon (2/15)

Altars:
Ru

Annotations:
D:2 Robin


Message History

You see here a short sword.
You miss the goblin. The goblin misses you. The goblin closely misses you.
Casting: Flame Tongue
Confirm with . or Enter, or press ? or * to list all spells.
Aiming: Flame Tongue
Press: ? - help, Shift-Dir - straight line, f - goblin
Aim: a goblin, wielding a dagger (unusually strong)
The flame tongue hits the goblin.
You kill the goblin!
The goblin closely misses you. Robin throws the goblin at you!
The goblin barely misses you.
Unknown command.
Casting: Flame Tongue
Confirm with . or Enter, or press ? or * to list all spells.
Aiming: Flame Tongue
Press: ? - help, Shift-Dir - straight line, f - goblin
Aim: a goblin, wielding a dagger (unusually strong)
The flame tongue misses the goblin.
The goblin closely misses you. The goblin hits you with a dagger.
You die...

########.######## #.# #.#
##.############ ###########
#.............. #.........#
#..#.###.###### #.#######.#
##....# #.# # #.# ###
#.#####.....# #)# #
#.###.###...g@gg....# #g# #
#.##.......#####..###
#.###### #.###.###.##
#..#####.#.g... #..##.# #.#
#........#.#### #..##.###g#
##'#######.# ##.##.....#
##...## #.# #P.#.#####
##.....## #g### #..#...##
##.......## #.#.##
#.P#....####.....>...###g...#


You could see Robin and 2 goblins.

Vanquished Creatures
  2 adders (D:2)
  An ooze (D:1)
  A dart slug (D:1)
  3 leopard geckos
  A giant cockroach (D:1)
  13 goblins
  2 hobgoblins (D:1)
  3 jackals (D:1)
  4 kobolds
  6 bats
  2 frilled lizards (D:1)
  4 rats (D:1)
42 creatures vanquished.

Notes
Turn   | Place    | Note
-------+----------+-------------------------------------------
     0 | D:1      | Monsterracer the Deep Elf Fire Elementalist began the quest for the Orb.
     0 | D:1      | Reached XP level 1. HP: 10/10 MP: 6/6
   389 | D:1      | Reached XP level 2. HP: 14/15 MP: 4/8
   591 | D:1      | Learned a level 1 spell: Flame Tongue
   905 | D:1      | Reached XP level 3. HP: 19/19 MP: 5/9
   912 | D:1      | Learned a level 3 spell: Conjure Flame
  1141 | D:2      | Reached skill level 4 in Fire Magic
  1143 | D:2      | Noticed Robin
  1865 | D:2      | Found a sacrificial altar of Ru.
  1897 | D:2      | Reached XP level 4. HP: 24/24 MP: 5/11
  1966 | D:2      | HP: 1/24 [Robin/goblin (3)]
  1969 | D:2      | Slain by a goblin

Vault maps used:
D:1:      erik_arrival_cave_to_civilisation
D:2:      chequers_ecumenical_altar_twisty, nicolae_ru_the_path_less_chosen,
          uniq_robin

Skill      XL: |  1  2  3 |
---------------+----------+-----
Conjurations   | 2 |  2.8
Fire Magic     | 4 |  4.3
Dodging        | |  2.4
Stealth        | |  2.4
Spellcasting   | |  3.6

Action                   |  1- 3 |  4- 6 || total
-------------------------+-------+-------++-------
Melee: Unarmed           |    11 |       ||    11
       Dagger            |    20 |     4 ||    24
 Cast: Flame Tongue      |    68 |     5 ||    73
       Conjure Flame     |     3 |     1 ||     4
  Use: Potion            |     5 |       ||     5
       Scroll            |     2 |       ||     2
  Eat: Chunk             |     3 |       ||     3
Armor: Robe              |    11 |     4 ||    15
Dodge: Dodged            |    46 |    17 ||    63
